 Dungeon Crawl Stone Soup version 0.13-b1-4-g58e4d93 (webtiles) character file.

357 Chiseanne the Fey Centaur (level 4, -22/37 HPs)
             Began as a Centaur Death Knight on Sept 28, 2013.
             Was a Believer of Yredelemnul.
             Annihilated by an ogre
             ... wielding a +0,+0 giant spiked club
              (23 damage)
             ... on Level 4 of the Dungeon.
             The game lasted 00:13:14 (2501 turns).

Chiseanne the Fey Centaur (Centaur Death Knight)    Turns: 2501, Time: 00:13:14

HP -22/37        AC  4     Str 17      XL: 4   Next: 81%
MP   6/6         EV  6     Int 10      God: Yredelemnul [**....]
Gold 233         SH 15     Dex  8      Spells:  0 memorised,  3 levels left

Res.Fire  : . . .   See Invis. : .   v - +1 broad axe (distort)
Res.Cold  : . . .   Warding    : .   b - +0 leather armour
Life Prot.: . . .   Conserve   : .   h - +0 shield
Res.Poison: .       Res.Corr.  : .   (no helmet)
Res.Elec. : .       Clarity    : .   (no cloak)
Sust.Abil.: . .     Spirit.Shd : .   (no gloves)
Res.Mut.  : .       Stasis     : .   (no barding)
Res.Rott. : .       Flight     : .   (no amulet)
Saprovore : . . .                    (no ring)
                                     j - cursed ring of protection from magic

@: very quick, somewhat resistant to hostile enchantments, extremely unstealthy
A: hooves 3, deformed body, herbivore 1, speed 2, fast metabolism 1, tough skin
3
a: Animate Remains, Recall Undead Slaves, Injury Mirror, Renounce Religion


You were on level 4 of the Dungeon.
You worshipped Yredelemnul.
Yredelemnul was pleased with you.
You were not hungry.

You visited 1 branch of the dungeon, and saw 4 of its levels.

You collected 213 gold pieces.

Inventory:

Hand weapons
 o - a +1,+0 elven trident of protection
 v - a +1,+1 broad axe of distortion (weapon)
Missiles
 a - a dart of frost (quivered)
 d - 17 arrows
 f - 29 poisoned needles
 g - 41 darts
 i - 28 sling bullets
 u - 12 bolts
Armour
 b - a +0 leather armour (worn)
 h - a +0 shield (worn)
Comestibles
 c - 4 bread rations
 s - a meat ration
Scrolls
 e - a scroll of amnesia {unknown}
 m - 5 scrolls of identify
 q - a scroll of enchant armour {unknown}
Jewellery
 j - a cursed ring of protection from magic (left hand)
Potions
 k - 3 potions of heal wounds
 l - a potion of resistance
 n - a potion of restore abilities
 p - 2 potions of curing


   Skills:
 * Level 2.4 Fighting
   Level 2.2 Long Blades
 * Level 0.3 Axes
 - Level 0.1 Polearms
 * Level 2.2 Throwing
 * Level 1.5 Armour
 * Level 1.4 Dodging
 * Level 1.0 Shields
 + Level 3.1 Invocations


You had 3 spell levels left.
You didn't know any spells.

Dungeon Overview and Level Annotations

Branches:
Dungeon (4/27)
 Temple: D:4-7

Altars:


Innate Abilities, Weirdness & Mutations

You have hooves in place of feet.
Armour fits poorly on your strangely shaped body.
You digest meat inefficiently.
You cover ground very quickly.
You have a fast metabolism.
You have extremely tough skin (AC +3).


Message History

You throw a dart of frost. The dart of frost hits the ogre.
The ogre is lightly wounded.
Throwing (i - inventory. (,) - cycle):
a - 2 darts of frost (quivered)
Press: ? - help, Shift-Dir - straight line, f/p - ogre
Aim: an ogre, wielding a giant spiked club (lightly wounded)
You throw a dart of frost. The dart of frost hits the ogre.
The ogre is lightly wounded.
A scorpion comes into view.
You slash the ogre!
Space bends around the ogre.
The ogre is heavily wounded.
The ogre hits you with a giant spiked club!
You hit the ogre but do no damage.
The ogre looks slightly unstable.
The ogre is heavily wounded.
The ogre hits you with a giant spiked club!
Ouch! That really hurt!
* * * LOW HITPOINT WARNING * * *
The ogre hits you with a giant spiked club!
Ouch! That really hurt!
You die...
Your body rises from the dead as a mindless zombie.

...........)...#
.........>.%....####.
.........#...........
.........#..<........
.........#......###..
.........#......#
.........#...##.#
..........#...# .#
.....s.O@.#...# .#
.(.(..........#
.............#
........###..#
........# ..#
.......# .# ......#
.....# ..#


You could see an ogre and a scorpion.

Vanquished Creatures
  A worker ant (D:4)
  2 adders (D:3)
  A giant mite (D:2)
  6 giant geckos
  An orc (D:3)
  2 ball pythons (D:3)
  3 giant cockroaches
  5 goblins
  10 hobgoblins
  3 jackals
  8 kobolds
  2 quokkas
  10 bats
  4 giant newts
  10 rats
68 creatures vanquished.

Vanquished Creatures (collateral kills)
  A bat (D:2)
  A goblin (D:3)
  A jackal (D:2)
  A kobold (D:2)
  3 giant newts
  A rat (D:3)
8 creatures vanquished.

Vanquished Creatures (others)
  A bat zombie (D:3)
  A hobgoblin zombie (D:1)
  A jackal zombie (D:2)
  An orc zombie (D:3)
  A rat zombie (D:1)
5 creatures vanquished.

Grand Total: 81 creatures vanquished

Notes
Turn   | Place    | Note
--------------------------------------------------------------
     0 | D:1      | Chiseanne, the Centaur Death Knight, began the quest for the Orb.
     0 | D:1      | Reached XP level 1. HP: 17/17 MP: 2/2
   190 | D:1      | Reached skill level 1 in Dodging
   254 | D:1      | Reached XP level 2. HP: 16/24 MP: 4/4
   400 | D:1      | Reached skill level 1 in Throwing
   496 | D:1      | Reached skill level 1 in Armour
   896 | D:2      | Acquired Yredelemnul's second power
   906 | D:2      | Reached XP level 3. HP: 20/29 MP: 2/5
  1756 | D:3      | Reached XP level 4. HP: 24/37 MP: 4/6
  2404 | D:4      | Reached skill level 1 in Shields
  2493 | D:4      | Noticed an ogre
  2501 | D:4      | HP: 1/37 [ogre/giant spiked club (27)]
  2501 | D:4      | Annihilated by an ogre

Action                   |  1- 3 |  4- 6 || total
-------------------------+-------+-------++-------
Melee: Falchion          |    91 |       ||    91
       Trident           |    45 |    13 ||    58
       Broad axe         |       |    30 ||    30
Throw: Dart              |       |     5 ||     5
Invok: Animate Remains   |    23 |     6 ||    29
  Use: Potion            |     7 |       ||     7
       Scroll            |     3 |     7 ||    10
